 Dungeon Crawl Stone Soup version 0.19.0-2-gae57169 (webtiles) character file.

1878 lorenzova the Thaumaturge (level 8, -8/41 HPs)
             Began as a Deep Elf Conjurer on Nov 6, 2016.
             Mangled by a hornet zombie (10 damage)
             ... on level 6 of the Dungeon.
             The game lasted 00:18:57 (6889 turns).

lorenzova the Thaumaturge (Deep Elf Conjurer)       Turns: 6889, Time: 00:18:57

Health: -8/41      AC:  4    Str:  5    XL:     8   Next: 91%
Magic:  8/24       EV: 13    Int: 28    God:
Gold:   227        SH:  0    Dex: 15    Spells: 3 memorised, 17 levels left

rFire  . . .     SeeInvis .     g - +2 dagger (protect)
rCold  . . .     Gourm    .     a - +0 robe
rNeg   . . .     Faith    .     (no shield)
rPois  .         Spirit   .     (no helmet)
rElec  .         Reflect  .     v - +0 cloak
rCorr  .         Harm     .     p - +0 pair of gloves
MR     .....                    (no boots)
Stlth  ++........               (no amulet)
                                D - +5 ring of intelligence
                                A - ring of wizardry

@: very slightly contaminated
A: no striking features
a: no special abilities


You were on level 6 of the Dungeon.
You were not hungry.

You visited 1 branch of the dungeon, and saw 6 of its levels.
You also visited: Ossuary.

You collected 227 gold pieces.

Inventory:

Hand Weapons
 g - a +2 dagger of protection (weapon)
Armour
 a - a +0 robe (worn)
 p - a +0 pair of gloves (worn)
 v - a +0 cloak (worn)
Jewellery
 x - an uncursed amulet of the gourmand {unknown}
 A - a ring of wizardry (left hand)
 D - a +5 ring of intelligence (right hand)
Wands
 z - a wand of lightning (4/15)
 B - a wand of iceblast (9/15)
Scrolls
 h - 5 scrolls of teleportation
 j - 3 scrolls of fear
 k - 3 scrolls of amnesia {unknown}
 l - a scroll of blinking {unknown}
 m - a scroll of enchant weapon {unknown}
 n - 2 scrolls of fog {unknown}
 r - 3 scrolls of remove curse
 t - 3 scrolls of magic mapping {unknown}
 w - 2 scrolls of recharging {unknown}
 y - a scroll of enchant armour {unknown}
Potions
 d - 2 potions of ambrosia
 e - a potion of heal wounds {unknown}
 i - a potion of mutation {unknown}
 o - 4 potions of curing {unknown}
 q - 2 potions of cure mutation {unknown}
 s - a potion of invisibility
 u - a potion of degeneration {unknown}
 C - a potion of magic {unknown}
 E - a potion of berserk rage {unknown}
 F - a potion of flight {unknown}
 G - a potion of might {unknown}
 H - 2 potions of haste {unknown}
Books
 b - a book of Conjurations

   Spells                             Type                      Level
   a - Magic Dart                     Conjuration                  1
   b - Searing Ray                    Conjuration                  2
   c - Dazzling Spray                 Conjuration/Hexes            3
   d - Fulminant Prism                Conjuration/Hexes            4
   e - Iskenderun's Mystic Blast      Conjuration                  4
   f - Iskenderun's Battlesphere      Conjuration/Charms           5
Comestibles
 c - 5 bread rations
 f - 3 meat rations


   Skills:
 - Level 2.4 Dodging
 - Level 2.4 Stealth
 * Level 10.2 Spellcasting
 * Level 9.6 Conjurations
 + Level 5.7 Charms


You had 17 spell levels left.
You knew the following spells:

 Your Spells              Type           Power        Failure   Level  Hunger
a - Magic Dart            Conj           ####         1%          1    None
b - Iskenderun's Battles  Conj/Chrm      ######..     2%          5    ###....
c - Iskenderun's Mystic   Conj           ######..     1%          4    None


Dungeon Overview and Level Annotations

Branches:
Dungeon (6/15)
 Temple: D:4-7

Altars:
Nemelex Xobeh
The Shining One

Shops:
D:6 :


Message History

Okay, then.
Okay, then.
Casting: Iskenderun's Battlesphere
Confirm with . or Enter, or press ? or * to list all spells.
Aiming: Iskenderun's Mystic Blast
Press: ? - help, Shift-Dir - straight line, f/p - hornet zombie
Aim: a hornet zombie (lightly damaged)
The orb of energy hits the hornet zombie.
The hornet zombie is heavily damaged.
The orb of energy explodes!
The hornet zombie misses you.
Unknown command.
Casting: Iskenderun's Mystic Blast
Confirm with . or Enter, or press ? or * to list all spells.
Aiming: Iskenderun's Mystic Blast
Press: ? - help, Shift-Dir - straight line, f/p - hornet zombie
Aim: a hornet zombie (heavily damaged)
The orb of energy hits the hornet zombie.
The hornet zombie is heavily damaged.
The orb of energy explodes!
The hornet zombie hits you!
You die...

..........#............
###....[.>#............
#.......#............
#.......#............
#######.#............
...............
...#####'##+#### ..#.
#.##.##### .. .
#.@Z...... ####.##### #


You could see a hornet zombie.

Vanquished Creatures
  Sigmund (D:4)
  2 sky beasts (D:5)
  2 ogres
  A centaur (D:4)
  A bullfrog (D:6)
  2 scorpions
  2 howler monkeys
  A crimson imp (D:5)
  7 orc wizards
  2 hounds (D:4)
  4 jellies
  4 orc priests
  An iguana (D:4)
  3 worker ants
  3 hound skeletons
  13 mummies (Ossuary)
  7 adders
  3 oozes
  3 worms (D:2)
  4 dart slugs
  3 leopard geckos
  22 orcs
  A ball python (D:2)
  10 bats
  5 giant cockroaches
  4 goblins
  10 hobgoblins
  11 jackals
  8 kobolds
  2 quokkas
  8 frilled lizards
  3 gnoll skeletons (Ossuary)
  A goblin skeleton (Ossuary)
  2 jackal zombies
  2 kobold skeletons (Ossuary)
  2 orc skeletons (Ossuary)
  9 rats
  11 rat skeletons (Ossuary)
180 creatures vanquished.

Notes
Turn   | Place    | Note
-------+----------+-------------------------------------------
     0 | D:1      | lorenzova the Deep Elf Conjurer began the quest for the Orb.
     0 | D:1      | Reached XP level 1. HP: 10/10 MP: 6/6
    95 | D:1      | Reached XP level 2. HP: 15/15 MP: 0/8
   603 | D:1      | Reached skill level 5 in Conjurations
   657 | D:1      | Reached XP level 3. HP: 19/19 MP: 6/10
   919 | D:2      | Reached skill level 4 in Spellcasting
  1017 | D:2      | Found a glowing golden altar of the Shining One.
  1550 | D:2      | Reached XP level 4. HP: 24/24 MP: 7/12
  1646 | D:2      | Learned a level 4 spell: Iskenderun's Mystic Blast
  1743 | D:2      | Found a faded altar of an unknown god.
  2228 | D:3      | Reached skill level 5 in Spellcasting
  2671 | D:4      | Reached XP level 5. HP: 17/28 MP: 8/14
  2865 | D:4      | Noticed a centaur
  2867 | D:4      | Killed a centaur
  2867 | D:4      | Reached skill level 6 in Spellcasting
  3027 | D:4      | Reached XP level 6. HP: 32/32 MP: 6/17
  3034 | D:4      | Learned a level 5 spell: Iskenderun's Battlesphere
  3820 | D:4      | Reached skill level 7 in Spellcasting
  3827 | D:4      | Reached skill level 1 in Charms
  4031 | D:4      | Reached XP level 7. HP: 36/36 MP: 15/19
  4438 | D:4      | Noticed Sigmund
  4518 | D:4      | Killed Sigmund
  4518 | D:4      | Reached skill level 8 in Spellcasting
  4596 | D:5      | Entered Level 5 of the Dungeon
  5113 | D:5      | Reached XP level 8. HP: 41/41 MP: 9/22
  5205 | D:5      | Reached skill level 9 in Spellcasting
  5585 | D:5      | Found a sparkling altar of Nemelex Xobeh.
  5936 | D:6      | Reached skill level 5 in Charms
  6036 | D:6      | Found Tiblu's Book Boutique.
  6057 | D:6      | Found a sand-covered staircase.
  6070 | D:6      | Reached skill level 10 in Spellcasting
  6102 | Ossuary  | Entered an ossuary
  6887 | D:6      | HP: 2/41 [hornet zombie (7)]
  6889 | D:6      | Mangled by a hornet zombie

Skill      XL: |  1  2  3  4  5  6  7  8 |
---------------+-------------------------+-----
Conjurations   | 5 6 7 8 9 |  9.6
Spellcasting   | 4 5 6 7 8 10 | 10.2
Charms         | 1 3 5 |  5.7
Dodging        | |  2.4
Stealth        | |  2.4

Action                   |  1- 3 |  4- 6 |  7- 9 || total
-------------------------+-------+-------+-------++-------
Melee: Dagger            |     1 |     3 |    36 ||    40
 Cast: Magic Dart        |    96 |   132 |   148 ||   376
       Iskenderun's Myst |       |     9 |    13 ||    22
       Iskenderun's Batt |       |       |    19 ||    19
  Use: Scroll            |       |       |     6 ||     6
 Stab: Sleeping          |     1 |     2 |       ||     3
  Eat: Chunk             |     2 |     8 |     8 ||    18
       Meat ration       |       |       |     1 ||     1
       Pizza             |       |       |     1 ||     1
Armor: Robe              |     4 |     4 |    13 ||    21
Dodge: Dodged            |    13 |    19 |    34 ||    66
